NWL
TRI-CITY DUST DEVILS @ BELLINGHAM MARINERS
07/21/1982
 
TOP OF THE 1ST
Tri-City Dust Devils batting - Pitching for Bellingham Mariners : LHP Mark Weinbrecht
Pitching: LHP Mark Weinbrecht
Batting: RHB J.B. Moore 0-0: Called Strike
0-1: Foul Ball, location: 2F
0-2: Ball
1-2: Fly out, F8 (Flyball, 8RD, EV 93.1 MPH)
Batting: LHB LaVel Freeman 0-0: Ball
1-0: Fly out, F8 (Flyball, 8RD, EV 88.1 MPH)
Batting: RHB Desmond Brooks 0-0: Called Strike
0-1: Called Strike
0-2: Ball
1-2: Ball
2-2: Foul Ball, location: 2F
2-2: Ball
3-2: Foul Ball, location: 2F
3-2: Foul Ball, location: 2F
3-2: Fly out, F8 (Flyball, 8LD, EV 103.1 MPH)
Top of the 1st over - 0 runs, 0 hits, 0 errors, 0 left on base; Tri-City 0 - Bellingham 0
BOTTOM OF THE 1ST
Bellingham Mariners batting - Pitching for Tri-City Dust Devils : RHP John Martinez
Pitching: RHP John Martinez
Batting: LHB Dan O'Regan 0-0: Ball
1-0: Ball
2-0: Foul Ball, location: 2F
2-1: Ground out 6-3 (Groundball, 6, EV 82.5 MPH)
Batting: RHB Norm Carrasco 0-0: Called Strike
0-1: Ground out 4-3 (Groundball, 4, EV 76.9 MPH)
Batting: RHB Juan Delgado 0-0: Ball
1-0: Called Strike
1-1: Swinging Strike
1-2: Foul Ball, location: 2F
1-2: Strikes out swinging
Bottom of the 1st over - 0 runs, 0 hits, 0 errors, 0 left on base; Tri-City 0 - Bellingham 0
TOP OF THE 2ND
Tri-City Dust Devils batting - Pitching for Bellingham Mariners : LHP Mark Weinbrecht
Batting: LHB Rafael Codinach 0-0: Foul Ball, location: 2F
0-1: Called Strike
0-2: Foul Ball, location: 2F
0-2: Foul Ball, location: 2F
0-2: Ball
1-2: Ball
2-2: Fly out, F9 (Flyball, 89S, EV 82.5 MPH)
Batting: RHB Felipe Hernandez 0-0: Foul Ball, location: 2F
0-1: Ball
1-1: DOUBLE (Flyball, 8RXD, EV 110.6 MPH)
Batting: LHB George Priftis 0-0: Foul Ball, location: 2F
0-1: Ball
1-1: SINGLE (Groundball, 34D, EV 104.4 MPH)
Felipe Hernandez to third
Runner from 3rd tries for Home, throw by RF and OUT! 9-2
George Priftis to second
Batting: LHB Daraka Shaheed 0-0: Called Strike
0-1: Foul Ball, location: 2F
0-2: Ball
1-2: Ball
2-2: Strikes out swinging
Top of the 2nd over - 0 runs, 2 hits, 0 errors, 1 left on base; Tri-City 0 - Bellingham 0
BOTTOM OF THE 2ND
Bellingham Mariners batting - Pitching for Tri-City Dust Devils : RHP John Martinez
Batting: SHB Paul Felix 0-0: Ball
1-0: Called Strike
1-1: Swinging Strike
1-2: Ball
2-2: Ball
3-2: SINGLE (Line Drive, 8RS, EV 103.1 MPH)
Batting: LHB Thomas Graziano 0-0: Foul Ball, location: 2F
0-1: Foul Ball, location: 2F
0-2: Foul Ball, location: 2F
0-2: Ball
1-2: Foul Ball, location: 2F
1-2: Ball
2-2: DOUBLE (Line Drive, 7LS, EV 103.8 MPH)
Paul Felix to third
Runner from 3rd tries for Home, SAFE, throw by LF to home
Batting: RHB Hector Rivera 0-0: Ground out 4-3 (Groundball, 34, EV 106.3 MPH)
Thomas Graziano to third
Batting: RHB Elza Nevoeiro 0-0: Ground out 4-3 (Groundball, 4, EV 81.9 MPH)
Thomas Graziano scores
Batting: RHB Werner Lajszky 0-0: Ground out 6-3 (Groundball, 6D, EV 78.1 MPH)
Bottom of the 2nd over - 2 runs, 2 hits, 0 errors, 0 left on base; Tri-City 0 - Bellingham 2
TOP OF THE 3RD
Tri-City Dust Devils batting - Pitching for Bellingham Mariners : LHP Mark Weinbrecht
Batting: RHB Dennis Glynn 0-0: Ground out 3-1 (Groundball, 34S, EV 80.6 MPH)
Batting: RHB Jeff DeWillis 0-0: Ball
1-0: Called Strike
1-1: Foul Ball, location: 2F
1-2: Strikes out swinging
Batting: RHB J.B. Moore 0-0: Ball
1-0: Ball
2-0: Foul Ball, location: 2F
2-1: Called Strike
2-2: Ball
3-2: Foul Ball, location: 2F
3-2: Base on Balls
Batting: LHB LaVel Freeman 0-0: Ball
1-0: Called Strike
1-1: Ball
2-1: SINGLE (Line Drive, 34D, EV 96.9 MPH)
J.B. Moore to second
Runner from 2nd tries for 3rd, SAFE, no throw by RF
Batting: RHB Desmond Brooks 0-0: Ball
1-0: Called Strike
1-1: Foul Ball, location: 2F
1-2: Ball
2-2: Foul Ball, location: 2F
2-2: Foul Ball, location: 2F
2-2: Strikes out swinging
Top of the 3rd over - 0 runs, 1 hit, 0 errors, 2 left on base; Tri-City 0 - Bellingham 2
BOTTOM OF THE 3RD
Bellingham Mariners batting - Pitching for Tri-City Dust Devils : RHP John Martinez
Batting: RHB Barry Cheesman 0-0: Called Strike
0-1: SINGLE (Line Drive, 9LM, EV 87.5 MPH)
Batting: LHB Dan O'Regan 0-0: Ball
1-0: Ball
2-0: Fielders Choice at 2nd, 4-6 (Groundball, 34, EV 86.9 MPH)
Batting: RHB Norm Carrasco 0-0: Ball
Dan O'Regan steals 2nd base
1-0: Ground out 6-3 (Groundball, 6M, EV 85.6 MPH)
Dan O'Regan to third
Batting: RHB Juan Delgado 0-0: Called Strike
0-1: Foul Ball, location: 2F
0-2: Ball
1-2: Fly out, F9 (Flyball, 89S, EV 94.4 MPH)
Bottom of the 3rd over - 0 runs, 1 hit, 0 errors, 1 left on base; Tri-City 0 - Bellingham 2
TOP OF THE 4TH
Tri-City Dust Devils batting - Pitching for Bellingham Mariners : LHP Mark Weinbrecht
Batting: LHB Rafael Codinach 0-0: Ball
1-0: Foul Ball, location: 2F
1-1: Foul Ball, location: 2F
1-2: Strikes out looking
Batting: RHB Felipe Hernandez 0-0: Ball
1-0: Ball
2-0: Swinging Strike
2-1: Ball
3-1: Base on Balls
Batting: LHB George Priftis 0-0: Called Strike
0-1: Foul Ball, location: 2F
0-2: Ball
1-2: Hit by Pitch
Felipe Hernandez to second
Batting: LHB Daraka Shaheed 0-0: Swinging Strike
0-1: Ball
1-1: Ball
2-1: Ball
3-1: Base on Balls
Felipe Hernandez to third
George Priftis to second
Batting: RHB Dennis Glynn 0-0: Fielders Choice at 2nd, 3-6 (Groundball, 3, EV 103.1 MPH)
Felipe Hernandez scores
George Priftis to third
Batting: RHB Jeff DeWillis 0-0: Called Strike
0-1: Called Strike
0-2: Ball
1-2: Ground out 4-3 (Groundball, 34, EV 105.6 MPH)
Top of the 4th over - 1 run, 0 hits, 0 errors, 2 left on base; Tri-City 1 - Bellingham 2
BOTTOM OF THE 4TH
Bellingham Mariners batting - Pitching for Tri-City Dust Devils : RHP John Martinez
Batting: SHB Paul Felix 0-0: SINGLE (Line Drive, 8RS, EV 92.5 MPH)
Batting: LHB Thomas Graziano 0-0: Foul Ball, location: 2F
0-1: Foul Ball, location: 2F
0-2: Foul Ball, location: 2F
0-2: Foul Ball, location: 2F
0-2: Ball
1-2: Ball
2-2: DOUBLE (Flyball, 8RD, EV 101.9 MPH)
Paul Felix to third
Batting: RHB Hector Rivera 0-0: Foul Ball, location: 2F
0-1: Ball
1-1: Called Strike
1-2: Ball
2-2: Strikes out swinging
Batting: RHB Elza Nevoeiro 0-0: Called Strike
0-1: Ball
1-1: Swinging Strike
1-2: Ball
2-2: Foul Ball, location: 2F
2-2: Ball
3-2: Base on Balls
Batting: RHB Werner Lajszky 0-0: Ball
1-0: Called Strike
1-1: Called Strike
1-2: Grounds into double play, 6-4-3 (Groundball, 6, EV 86.9 MPH)
Bottom of the 4th over - 0 runs, 2 hits, 0 errors, 2 left on base; Tri-City 1 - Bellingham 2
TOP OF THE 5TH
Tri-City Dust Devils batting - Pitching for Bellingham Mariners : LHP Mark Weinbrecht
Batting: RHB J.B. Moore 0-0: Called Strike
0-1: Ball
1-1: Ball
2-1: Ball
3-1: Swinging Strike
3-2: Foul Ball, location: 2F
3-2: Base on Balls
Batting: LHB LaVel Freeman 0-0: Called Strike
0-1: Foul Ball, location: 2F
0-2: Ball
1-2: Ball
2-2: Fly out, F8 (Line Drive, 8LM, EV 86.3 MPH)
Batting: RHB Desmond Brooks 0-0: Ball
1-0: Ball
2-0: Ball
3-0: Called Strike
3-1: Called Strike
3-2: Base on Balls
J.B. Moore to second
Batting: LHB Rafael Codinach 0-0: Ball
1-0: Called Strike
1-1: Foul Ball, location: 2F
1-2: Strikes out looking
Batting: RHB Felipe Hernandez 0-0: Foul Ball, location: 2F
0-1: Swinging Strike
0-2: Strikes out looking
Top of the 5th over - 0 runs, 0 hits, 0 errors, 2 left on base; Tri-City 1 - Bellingham 2
BOTTOM OF THE 5TH
Bellingham Mariners batting - Pitching for Tri-City Dust Devils : RHP John Martinez
Batting: RHB Barry Cheesman 0-0: Ball
1-0: Ball
2-0: Called Strike
2-1: Swinging Strike
2-2: Foul Ball, location: 2F
2-2: Foul Ball, location: 2F
2-2: Strikes out swinging
Batting: LHB Dan O'Regan 0-0: Called Strike
0-1: Swinging Strike
0-2: Foul Ball, location: 2F
0-2: Foul Ball, location: 2F
0-2: Ball
1-2: Ball
2-2: Ball
3-2: Ground out U3 (Groundball, 3, EV 106.9 MPH)
Batting: RHB Norm Carrasco 0-0: Ground out 4-3 (Groundball, 4S, EV 84.4 MPH)
Bottom of the 5th over - 0 runs, 0 hits, 0 errors, 0 left on base; Tri-City 1 - Bellingham 2
TOP OF THE 6TH
Tri-City Dust Devils batting - Pitching for Bellingham Mariners : LHP Mark Weinbrecht
Batting: LHB George Priftis 0-0: Called Strike
0-1: Ground out 6-3 (Groundball, 6MS, EV 83.8 MPH)
Batting: LHB Daraka Shaheed 0-0: Ground out U3 (Groundball, 34S, EV 80.0 MPH)
Batting: RHB Dennis Glynn 0-0: Ball
1-0: Ground out 5-3 (Groundball, 56S, EV 87.5 MPH)
Top of the 6th over - 0 runs, 0 hits, 0 errors, 0 left on base; Tri-City 1 - Bellingham 2
BOTTOM OF THE 6TH
Bellingham Mariners batting - Pitching for Tri-City Dust Devils : RHP John Martinez
Batting: RHB Juan Delgado 0-0: Ball
1-0: Called Strike
1-1: Ground out 6-3 (Groundball, 6, EV 82.5 MPH)
Batting: SHB Paul Felix 0-0: Called Strike
0-1: Foul Ball, location: 2F
0-2: Strikes out swinging
Batting: LHB Thomas Graziano 0-0: Ball
1-0: Ball
2-0: Foul Ball, location: 2F
2-1: Fly out, F6 (Popup, 6MD, EV 68.1 MPH)
Bottom of the 6th over - 0 runs, 0 hits, 0 errors, 0 left on base; Tri-City 1 - Bellingham 2
TOP OF THE 7TH
Tri-City Dust Devils batting - Pitching for Bellingham Mariners : LHP Mark Weinbrecht
Batting: RHB Jeff DeWillis 0-0: Ball
1-0: Ball
2-0: Ball
3-0: Base on Balls
Batting: RHB J.B. Moore 0-0: TRIPLE (Flyball, 9LD, EV 108.1 MPH)
Jeff DeWillis scores
Batting: LHB LaVel Freeman 0-0: Ball
1-0: Called Strike
1-1: Called Strike
1-2: Foul Ball, location: 2F
1-2: Ball
2-2: Strikes out looking
Batting: RHB Desmond Brooks 0-0: Intentional Walk
Pitching: RHP Charles Dexter
Batting: LHB Rafael Codinach 0-0: Called Strike
0-1: Foul Ball, location: 2F
0-2: Grounds into double play, 6-4-3 (Groundball, 56D, EV 85.6 MPH)
Top of the 7th over - 1 run, 1 hit, 0 errors, 1 left on base; Tri-City 2 - Bellingham 2
BOTTOM OF THE 7TH
Bellingham Mariners batting - Pitching for Tri-City Dust Devils : RHP John Martinez
Batting: RHB Hector Rivera 0-0: Ball
1-0: SINGLE (Groundball, 6MD, EV 106.3 MPH)
Batting: RHB Elza Nevoeiro 0-0: SINGLE (Groundball, 23, EV 88.8 MPH) (infield hit)
Hector Rivera to second
Batting: RHB Werner Lajszky 0-0: Ball
1-0: SINGLE (Groundball, 6MD, EV 98.1 MPH)
Hector Rivera to third
Elza Nevoeiro to second
Batting: RHB Barry Cheesman 0-0: Foul Ball, location: 2F
0-1: Swinging Strike
0-2: Strikes out swinging
Batting: LHB Dan O'Regan 0-0: Called Strike
0-1: Swinging Strike
0-2: Fly out, F7 (Flyball, 7S, EV 81.3 MPH)
Batting: RHB Norm Carrasco 0-0: Fielders Choice at 2nd, 6-4 (Groundball, 6, EV 88.8 MPH)
Bottom of the 7th over - 0 runs, 3 hits, 0 errors, 3 left on base; Tri-City 2 - Bellingham 2
TOP OF THE 8TH
Tri-City Dust Devils batting - Pitching for Bellingham Mariners : RHP Charles Dexter
Batting: RHB Felipe Hernandez 0-0: Ball
1-0: Swinging Strike
1-1: Ball
2-1: Foul Ball, location: 2F
2-2: Ground out 5-3 (Groundball, 56, EV 84.4 MPH)
Batting: LHB George Priftis 0-0: Foul Ball, location: 2F
0-1: Ball
1-1: Foul Ball, location: 2F
1-2: Foul Ball, location: 2F
1-2: Ball
2-2: Ball
3-2: SINGLE (Line Drive, 6MD, EV 97.5 MPH)
Batting: LHB Daraka Shaheed 0-0: Ball
1-0: Foul Ball, location: 2F
1-1: Ball
2-1: Ball
3-1: Fly out, F8 (Flyball, 8LS, EV 76.9 MPH)
Batting: RHB Dennis Glynn 0-0: Foul Ball, location: 2F
0-1: Ball
Wild Pitch!
George Priftis to second
1-1: Foul Ball, location: 2F
1-2: Strikes out swinging
Top of the 8th over - 0 runs, 1 hit, 0 errors, 1 left on base; Tri-City 2 - Bellingham 2
BOTTOM OF THE 8TH
Bellingham Mariners batting - Pitching for Tri-City Dust Devils : RHP John Martinez
Batting: RHB Juan Delgado 0-0: Ball
1-0: Called Strike
1-1: Called Strike
1-2: SINGLE (Flyball, 6D, EV 88.8 MPH)
Batting: SHB Paul Felix 0-0: Called Strike
0-1: Ball
1-1: Fly out, F9 (Line Drive, 9D, EV 108.1 MPH)
Batting: LHB Thomas Graziano 0-0: Ball
1-0: Ball
2-0: Reached on error, E4 (Popup, 34, EV 56.3 MPH)
Juan Delgado to second
Batting: RHB Hector Rivera 0-0: SINGLE (Groundball, 34D, EV 93.8 MPH)
Juan Delgado to third
Thomas Graziano to second
Runner from 3rd tries for Home, SAFE, throw by RF to home
Pinch Runner at 2nd Edward Williams:
Batting: RHB Elza Nevoeiro 0-0: Ball
1-0: Ball
2-0: Foul Ball, location: 2F
2-1: Ball
3-1: Swinging Strike
3-2: Fly out, F8 (Flyball, 8RM, EV 91.3 MPH)
Batting: RHB Werner Lajszky 0-0: Called Strike
0-1: Swinging Strike
0-2: Reached on error, E5 (Groundball, 56S, EV 85.0 MPH)
Edward Williams to third
Hector Rivera to second
Batting: RHB Barry Cheesman 0-0: Ball
1-0: Ball
2-0: Called Strike
2-1: Swinging Strike
2-2: Fly out, F4 (Popup, 34, EV 74.4 MPH)
Bottom of the 8th over - 1 run, 2 hits, 2 errors, 3 left on base; Tri-City 2 - Bellingham 3
TOP OF THE 9TH
Tri-City Dust Devils batting - Pitching for Bellingham Mariners : RHP Charles Dexter
Pitching: LHP Bernard Gallo
Pinch Hitting: RHB Robert Martinez 0-0: Called Strike
0-1: Ball
1-1: Ball
2-1: Ball
3-1: Base on Balls
Batting: RHB J.B. Moore 0-0: Ball
1-0: Ball
2-0: Called Strike
2-1: Called Strike
2-2: SINGLE (Line Drive, 6D, EV 106.3 MPH)
Robert Martinez to second
Batting: LHB LaVel Freeman 0-0: Ball
1-0: Grounds into double play, 6-4-3 (Groundball, 6, EV 93.8 MPH)
Robert Martinez to third
Batting: RHB Desmond Brooks 0-0: Called Strike
0-1: Swinging Strike
0-2: Ball
1-2: Foul Ball, location: 2F
1-2: Foul Ball, location: 2F
1-2: Strikes out swinging
Top of the 9th over - 0 runs, 1 hit, 0 errors, 1 left on base; Tri-City 2 - Bellingham 3
Monday, August 17th, 2020 - OOTP Baseball 21.5 Build 76